Map: Бюро находок РВ

Players

Murena

  • Race: Terran Terran
  • Spawn Location: 1:00

ИИ 1 (новичок) - Winner!

  • Race: Protoss Protoss
  • Spawn Location: 7:00

VOD

Have the link to the VOD?

Description

Time

  • Played on: Feb. 12, 2019, 1:06 p.m.
  • Length: 9:56
Show
View Real Time Build Order
Export as new Build Order

Murena Terran 

Build Orders:  

Get SALT Encoding   

  12  0:00  SCV  
  13  0:12  SCV  
  14  0:19  Supply Depot  
  14  0:24  Refinery  
  14  0:28  SCV  
  15  0:43  Barracks  
  15  0:45  SCV  
  16  0:58  SCV  
  17  1:25  Command Center  
  17  1:29  Marine  
  18  1:34  SCV  
  19  1:46  Orbital Command  
  19  1:49  Marine  
  20  2:00  Supply Depot  
  20  2:12  Factory  
  20  2:14  Marine  
  21  2:18  SCV  
  22  2:31  Refinery, SCV  
  22  2:32  Barracks Reactor  
  23  2:37  Orbital Command  
  23  2:44  SCV  
  24  2:56  Factory Tech Lab  
  24  2:57  SCV  
  25  3:04  SCV  
  25  3:05  Factory  
  26  3:09  Marine  
  26  3:10  Marine  
  26  3:11  SCV  
  29  3:16  Siege Tank  
  29  3:17  SCV  
  33  3:25  SCV  
  34  3:29  Marine x2, Supply Depot  
  34  3:33  SCV  
  37  3:38  SCV  
  38  3:46  SCV  
  39  3:48  Siege Tank  
  39  3:49  Factory Tech Lab  
  39  3:50  SCV  
  43  3:58  SCV  
  43  3:59  Refinery  
  43  4:01  Refinery  
  44  4:03  Marine x2  
  44  4:08  Supply Depot, Siege Tank  
  49  4:11  SCV  
  49  4:13  SCV  
  51  4:21  Marine x2  
  53  4:26  SCV  
  53  4:30  Siege Tank  
  57  4:33  SCV  
  57  4:35  Supply Depot  
  58  4:39  SCV  
  58  4:41  Siege Tank  
  62  4:48  Supply Depot  
  62  5:03  Siege Tank  
  62  5:04  Marine  
  62  5:05  Marine  
  67  5:08  SCV  
  67  5:09  SCV  
  67  5:10  Command Center  
  69  5:14  Siege Tank  
  72  5:22  SCV  
  72  5:23  SCV  
  72  5:24  Bunker  
  72  5:27  Marine x2  
  76  5:32  Supply Depot  
  76  5:38  Hellion, Engineering Bay  
  78  5:43  Supply Depot  
  78  5:56  Supply Depot  
  78  6:01  SCV  
  78  6:02  Barracks, Starport, SCV  
  78  6:03  Siege Tank  
  83  6:07  Siege Tank  
  86  6:14  SCV  
  86  6:15  SCV  
  88  6:18  Terran Infantry Weapons Level 1  
  88  6:22  SCV  
  88  6:25  Barracks  
  89  6:26  Marine x2  
  89  6:28  SCV x2  
  93  6:33  Missile Turret  
  93  6:35  SCV, Missile Turret  
  93  6:39  Siege Tank  
  97  6:43  SCV x2  
  97  6:46  Missile Turret  
  99  6:51  Supply Depot, Starport Reactor  
  99  6:57  Engineering Bay, Siege Tank  
  99  6:58  SCV  
  103  7:01  Barracks Tech Lab  
  103  7:02  Marine x2  
  103  7:05  SCV  
  103  7:06  SCV  
  107  7:13  Barracks Tech Lab  
  107  7:16  SCV  
  107  7:17  Siege Tank  
  107  7:20  Combat Shield  
  107  7:21  Marine x2  
  107  7:22  SCV  
  114  7:23  SCV  
  114  7:25  Supply Depot  
  114  7:27  Medivac x2  
  119  7:32  SCV  
  120  7:40  SCV x2  
  120  7:43  Marine x2  
  124  7:45  Command Center, SCV  
  124  7:51  Refinery, Bunker  
  125  7:53  Planetary Fortress  
  125  7:54  Refinery, SCV  
  125  7:56  Marauder  
  128  7:59  SCV  
  128  8:02  Marine, Marauder  
  128  8:03  Marine  
  133  8:06  Supply Depot  
  133  8:25  Supply Depot  
  133  8:26  Armory  
  133  8:28  SCV  
  133  8:29  Marine, Armory  
  133  8:30  Cyclone  
  133  8:32  Command Center, Cyclone  
  141  8:49  Supply Depot  
  141  8:50  Supply Depot  
  141  8:51  Marauder x2  
  141  8:52  Medivac x2  
  149  8:57  Supply Depot, SCV x2  
  149  8:58  Marine x2  
  149  9:00  SCV  
  149  9:01  SCV  
  155  9:04  Cyclone  
  155  9:07  Supply Depot  
  158  9:10  Bunker  
  158  9:12  SCV  
  158  9:13  SCV  
  158  9:14  Marine, Marauder  
  169  9:17  SCV  
  169  9:18  Planetary Fortress  
  169  9:21  Refinery  
  170  9:25  Refinery  
  170  9:26  Marine x2  
  172  9:35  Missile Turret  
  174  9:43  SCV  
Show
View Real Time Build Order
Export as new Build Order

ИИ 1 (новичок) Protoss - Winner!

Build Orders: 1 Gate Expand, Nexus First 

Get SALT Encoding   

  12  0:00  Probe  
  13  0:13  Probe  
  14  0:20  Pylon  
  14  0:43  Gateway  
  14  1:00  Nexus  
  14  1:19  Pylon  
  14  1:23  Assimilator  
  14  1:24  Zealot  
  14  1:35  Cybernetics Core  
  14  1:37  Probe  
  17  1:49  Probe  
  18  1:59  Probe, Assimilator  
  18  2:05  Stalker  
  18  2:07  Probe  
  22  2:16  Warp Gate, Probe  
  22  2:21  Probe  
  24  2:30  Probe  
  25  2:37  Probe  
  26  2:46  Probe  
  26  2:47  Assimilator  
  26  2:49  Pylon  
  27  2:53  Probe  
  28  2:59  Probe  
  29  3:07  Probe  
  29  3:10  Probe  
  30  3:13  Robotics Facility  
  31  3:22  Probe  
  31  3:26  Zealot  
  34  3:29  Probe  
  35  3:36  Probe  
  36  3:43  Probe  
  37  3:50  Probe  
  38  3:57  Probe  
  38  3:59  Observer  
  40  4:03  Probe  
  41  4:12  Probe  
  41  4:13  Observer  
  41  4:15  Probe  
  42  4:17  Assimilator  
  44  4:26  Probe  
  44  4:30  Pylon  
  45  4:33  Probe  
  46  4:40  Sentry  
  46  4:41  Probe  
  49  4:48  Probe  
Tags
 
Add a new tag
Caveats
  • Supply blocks, unpowered buildings, or Contaminate may cause inaccurate times.
  • Supply counts are checked every 10 seconds.